 Dungeon Crawl Stone Soup version 0.31-a0-971-g75a2e9a4b4 (webtiles) character file.

Game seed: 5996297507954545108

1237 Fodor the Cleaver (level 8, -8/70 HPs)
             Began as a Minotaur Fighter on Oct 28, 2023.
             Was an Initiate of Gozag.
             Mangled by an ice beast (13 damage)
             ... while paralysed by Grinder
             ... on level 6 of the Dungeon.
             The game lasted 00:30:08 (5319 turns).

Fodor the Cleaver (Minotaur Fighter)                Turns: 5319, Time: 00:30:11

Health: -8/70      AC: 10    Str: 24      XL:     8   Next: 24%
Magic:  7/7        EV:  2    Int:  5      God:    Gozag
Gold:   332        SH:  0    Dex: 14 (15) Spells: 7/7 levels left

rFire   . . .        a - +0 war axe
rCold   . . .        c - +0 buckler
rNeg    + . .        b - +0 scale mail
rPois   .            (helmet restricted)
rElec   .            (no cloak)
rCorr   .            (no gloves)
SInv    .            J - +1 pair of boots
Will    +....        l - amulet of the acrobat Stlth
                     o - +6 ring of dexterity
HPRegen 0.31/turn    y - ring of positive energy
MPRegen 0.10/turn

%: acrobat
@: paralysed, brilliant, enlightened, flying, invisible
A: horns 2, retaliatory headbutt
a: Renounce Religion, Potion Petition, Call Merchant, Bribe Branch


You were on level 6 of the Dungeon.
You worshipped Gozag.
Gozag was aware of your devotion.
You visited 1 branch of the dungeon, and saw 6 of its levels.

You collected 359 gold pieces.
You paid 27 gold pieces to Gozag.

Inventory:

Hand Weapons
 a - a +0 war axe (weapon)
 D - a +0 glaive
Missiles
 g - 4 poisoned darts
 q - 4 boomerangs (quivered)
 G - a throwing net
Armour
 b - a +0 scale mail (worn)
 c - a +0 buckler (worn)
 J - a +1 pair of boots (worn)
Jewellery
 l - an amulet of the acrobat (around neck)
 o - a +6 ring of dexterity (left hand)
 p - an amulet of reflection
 y - a ring of positive energy (right hand)
 H - a ring of fire
Scrolls
 h - 4 scrolls of vulnerability
 i - 3 scrolls of enchant weapon
 k - 2 scrolls of fear
 n - 3 scrolls of noise
 v - 2 scrolls of poison
 w - 2 scrolls of brand weapon {unknown}
 x - 2 scrolls of teleportation {unknown}
 A - a scroll of immolation {unknown}
 B - 2 scrolls of butterflies {unknown}
 C - a scroll of enchant armour {unknown}
 E - a scroll of amnesia {unknown}
Potions
 d - a potion of might
 e - a potion of enlightenment
 f - 2 potions of brilliance
 j - a potion of magic
 m - 2 potions of invisibility
 r - 2 potions of haste {unknown}
 s - a potion of degeneration {unknown}
 t - a potion of lignification {unknown}
 z - 2 potions of heal wounds {unknown}
 F - 2 potions of mutation {unknown}
 I - 2 potions of attraction {unknown}


   Skills:
 + Level 6.0 Fighting
 + Level 8.1 Axes
 + Level 1.0 Throwing
 + Level 6.5 Armour
 + Level 2.4 Dodging
 + Level 0.6 Stealth
 + Level 5.3 Shields


You had 7 spell levels left.
You didn't know any spells.
Your spell library contained the following spells:

 Spells                   Type           Power      Damage    Failure   Level
 Kiss of Death            Conj/Necr      0%         2d5       82%         1
 Confusing Touch          Hex            0%         N/A       99%         3
 Dispel Undead            Necr           0%         3d6       100%        4
 Haunt                    Necr/Summ      0%         N/A       100%        7
 Borgnjor's Revivificati  Necr           0%         N/A       100%        8
 Death's Door             Necr           0%         N/A       100%        9


Dungeon Overview and Level Annotations

Branches:
Dungeon (6/15)
 Temple: D:4-7

Altars:
Gozag
Qazlal
Uskayaw

Shops:
D:3 =

Annotations:
D:6 Grinder


Innate Abilities, Weirdness & Mutations

You have a pair of horns on your head.
You reflexively headbutt those who attack you in melee.


Message History

You hit the ice beast.
The ice beast hits you but does no damage.
Grinder closely misses you.
Unknown command.
You hit Grinder but do no damage.
Grinder is severely wounded.
You barely miss the ice beast. The ice beast barely misses you.
Grinder hits you.
You writhe in agony.
You slash Grinder! Your headbutt misses Grinder.
Grinder is almost dead.
You slash the ice beast! The ice beast hits you. The ice beast freezes you.
* * * LOW HITPOINT WARNING * * *
Grinder blinks!
Grinder gestures at you. Pain shoots through your body!
* * * LOW HITPOINT WARNING * * *
You block the ice beast's attack.
It was a potion of brilliance.
You feel clever all of a sudden.
The ice beast hits you but does no damage.
It was a potion of invisibility.
You fade into invisibility!
The ice beast barely misses you.
It was a potion of enlightenment.
You feel very buoyant.
You fly up into the air.
Grinder barely misses you.
The ice beast hits you but does no damage.
It was a potion of magic.
Magic courses through your body. Grinder gestures at you.
You suddenly lose the ability to move!
The ice beast hits you but does no damage.
Grinder hits you.
* * * LOW HITPOINT WARNING * * *
You writhe in agony.
* * * LOW HITPOINT WARNING * * *
The ice beast hits you.
* * * LOW HITPOINT WARNING * * *
The ice beast freezes you!
You die...
Your body crumbles into a pile of gold.

..#.....#####
..#.........###
#.............##
#..............##
#.............<.# ##
#.#.............##
.###.#............".#
..##............5...#
..##...........Y@...#
...#..............###
...#.............##
.........$......##
................#
....#####.........
....## #.##......
.....# ###..###..
....## # .


You could see Grinder (unable to see you) and an ice beast (unable to see you).

Vanquished Creatures
  Eustachio (D:6)
  The ghost of PowderKeg the Sneak, an amateur FeSh (D:4)
  2 black bears
  2 ogres (D:5)
  A phantom (D:5)
  A bullfrog (D:4)
  A gnoll sergeant (D:4)
  A jelly (D:3)
  3 hounds (D:5)
  2 iguanas (D:5)
  2 orc wizards
  10 adders
  A shadow imp (D:5)
  2 ufetubi (D:5)
  4 worms
  5 dart slugs
  11 orcs
  7 ball pythons
  6 bats
  9 endoplasms
  7 giant cockroaches
  5 goblins
  7 hobgoblins
  11 jackals
  4 frilled lizards
  7 kobolds
  8 rats
  A spectral hobgoblin (D:3)
122 creatures vanquished.

Notes
Turn   | Place    | Note
-------+----------+-------------------------------------------
     0 | D:1      | Fodor the Minotaur Fighter began the quest for the Orb.
     0 | D:1      | Reached XP level 1. HP: 19/19 MP: 0/0
    53 | D:1      | Reached XP level 2. HP: 27/27 MP: 1/1
   535 | D:1      | Reached XP level 3. HP: 31/33 MP: 2/2
  1396 | D:2      | Reached skill level 3 in Axes
  1970 | D:2      | Reached XP level 4. HP: 41/41 MP: 3/3
  2212 | D:2      | Found a hide-covered altar of Uskayaw.
  2354 | D:3      | Found a faded altar of an unknown god.
  2463 | D:3      | Reached skill level 4 in Axes
  2691 | D:3      | Found Duedoot's Jewellery Shop.
  2783 | D:3      | Reached XP level 5. HP: 17/47 MP: 4/4
  3223 | D:3      | Reached skill level 5 in Axes
  3391 | D:4      | Found a stormy altar of Qazlal.
  3417 | D:4      | Reached skill level 1 in Dodging
  3487 | D:4      | Reached XP level 6. HP: 55/55 MP: 5/5
  3625 | D:4      | Found an opulent altar of Gozag.
  3629 | D:4      | Reached skill level 5 in Armour
  3890 | D:4      | Became a worshipper of Gozag Ym Sagoz the Greedy
  4049 | D:4      | Found a runed translucent gate.
  4049 | D:4      | Found a runed translucent gate.
  4050 | D:4      | Found a runed translucent gate.
  4051 | D:4      | Noticed PowderKeg's ghost (amateur FeSh)
  4066 | D:4      | Killed PowderKeg's ghost
  4067 | D:4      | Reached skill level 5 in Fighting
  4067 | D:4      | Reached skill level 6 in Axes
  4397 | D:4      | Reached XP level 7. HP: 43/61 MP: 6/6
  4496 | D:5      | Entered Level 5 of the Dungeon
  4592 | D:5      | Reached skill level 1 in Throwing
  4885 | D:5      | Reached skill level 7 in Axes
  4996 | D:5      | Reached skill level 5 in Shields
  5019 | D:5      | Reached XP level 8. HP: 60/70 MP: 7/7
  5159 | D:6      | Noticed Eustachio
  5197 | D:6      | Killed Eustachio
  5281 | D:6      | Noticed Grinder
  5288 | D:6      | Reached skill level 8 in Axes
  5300 | D:6      | Paralysed by Grinder for 5 turns
  5318 | D:6      | Paralysed by Grinder for 2 turns
  5319 | D:6      | Mangled by an ice beast

Illustrated notes

Levels and vault maps discovered:
D:1:      dpeg_arrival_simpleton_a, layout_loops_cross, serial_co_window_serial,
          co_window_paths_a, co_window_of_opportunity_a,
          co_window_of_opportunity_a, co_window_of_opportunity_a,
          co_window_paths_a, co_window_corner_b, co_window_unsneaky_path_b,
          co_window_2corner, co_window_corner_b, co_window_broadway_b,
          co_window_broadway_b, co_window_unsneaky_path_d, glass_columns_a,
          glass_columns_a
D:2:      layout_basic, basic_altar, dk_vineyard_1
D:3:      minmay_chambers_of_threes, layout_loops_ring,
          dreamdust_ecumenical_altar_drowned_temple, serial_shops, shop
D:4:      layout_basic, lemuel_tele_altar, nicolae_overflow_crystal_walls,
          ebering_ghost_rock_garden, serial_park_tiny_pond, minmay_small_thing
D:5:      layout_basic
D:6:      layout_cave_pods, nicolae_vehumet_altar_sigil,
          minmay_temple_entry_crystal_x, uniq_eustachio, uniq_grinder,
          uniq_edmund

Skill      XL: |  1  2  3  4  5  6  7  8 |
---------------+-------------------------+-----
Fighting       | 4 5 6 |  6.0
Armour         | 4 5 6 |  6.5
Shields        | 4 5 |  5.3
Axes           | 3 4 5 6 7 8 |  8.1
Dodging        | 1 2 |  2.4
Throwing       | 1 |  1.0
Stealth        | |  0.6

Action                     |  1- 3 |  4- 6 |  7- 9 || total
---------------------------+-------+-------+-------++-------
  Melee: War axe           |    83 |   117 |    76 ||   276
         Headbutt          |     9 |    21 |    16 ||    46
  Throw: Boomerang         |       |     7 |       ||     7
         Throwing net      |       |     1 |       ||     1
    Use: Scroll            |       |       |     5 ||     5
         Potion            |       |       |     4 ||     4
 Armour: Scale mail        |    51 |    56 |    84 ||   191
  Dodge: Dodged            |    61 |    83 |    81 ||   225
  Block: Buckler           |    20 |    26 |    45 ||    91

Table legend: (Time is in decaauts)
 A = Elapsed time spent in this place.
 B = Non-inter-level travel time spent in this place.
 C = Inter-level travel time spent in this place.
 D = Time resting spent in this place.
 E = Time spent auto-exploring this place.
 F = Levels seen in this place.
 G = Mean time per level.
                   A        B        C        D        E       F      G
               +--------+--------+--------+--------+--------+-----+--------+
         Total |   5420 |   5036 |    384 |    498 |      0 |   6 |  903.3 |
       Dungeon |   5420 |   5036 |    384 |    498 |      0 |   6 |  903.3 |
               +--------+--------+--------+--------+--------+-----+--------+

Top non-repeatable levels by time:
     D:1: 1397 daAuts
     D:4: 1188 daAuts
     D:3: 1064 daAuts
     D:2: 933 daAuts
     D:5: 694 daAuts
     D:6: 142 daAuts
